 Dungeon Crawl Stone Soup version 0.24.0-123-gd5b16e6ec5 (webtiles) character file.

Game seed: 15537250695312903135, levelgen mode: deterministic

333 FishyPogo the Charmwright (level 6, -1/51 HPs)
             Began as a Gnoll Skald on Dec 28, 2019.
             Slain by Menkaure (22 damage)
             ... on level 4 of the Dungeon.
             The game lasted 00:06:15 (2118 turns).

FishyPogo the Charmwright (Gnoll Skald)             Turns: 2118, Time: 00:06:15

Health: -1/51      AC:  5    Str: 16    XL:     6   Next: 52%
Magic:  1/14       EV: 20    Int: 15    God:
Gold:   131        SH:  0    Dex: 19    Spells: 4/15 levels left

rFire    . . .     SeeInvis .   a - +2 short sword (speed)
rCold    . . .     Gourm    .   (no shield)
rNeg     . . .     Faith    .   b - +0 leather armour
rPois    .         Spirit   .   k - +0 helmet
rElec    .         Reflect  .   (no cloak)
rCorr    +         Harm     .   t - +0 pair of gloves
MR       .....                  (no boots)
Stlth    ++++......             (no amulet)
HPRegen  1.17/turn              v - ring of resist corrosion
MPRegen  0.14/turn              l - ring of stealth

@: agile, very slightly contaminated, regenerating
A: distributed training, fangs 1, strong nose
a: no special abilities


You were on level 4 of the Dungeon.
You were hungry.

You visited 1 branch of the dungeon, and saw 4 of its levels.

You collected 131 gold pieces.

Inventory:

Hand Weapons
 a - a +2 short sword of speed (weapon)
 s - a +0 dagger of venom
Missiles
 c - 33 poisoned darts (quivered)
 j - 196 stones
Armour
 b - a +0 leather armour (worn)
 k - a +0 helmet (worn)
 t - a +0 pair of gloves (worn)
Jewellery
 l - a ring of stealth (right hand)
 v - a ring of resist corrosion (left hand)
Scrolls
 e - 2 scrolls of remove curse {unknown}
 g - 2 scrolls of fog {unknown}
 m - 3 scrolls of identify {unknown}
 n - a scroll of enchant weapon {unknown}
 p - 2 scrolls of blinking {unknown}
 q - 2 scrolls of immolation {unknown}
 u - a scroll of magic mapping {unknown}
 w - a scroll of teleportation {unknown}
Potions
 h - a potion of might {unknown}
 i - 3 potions of mutation {unknown}
 o - 4 potions of lignification {unknown}
Comestibles
 d - 13 rations
 f - 4 chunks of flesh


   Skills:
 + Level 5.0 Fighting
 + Level 5.0 Short Blades
 + Level 2.0 Long Blades
 + Level 2.0 Axes
 + Level 2.0 Maces & Flails
 + Level 2.0 Polearms
 + Level 2.0 Staves
 + Level 2.0 Slings
 + Level 2.0 Bows
 + Level 2.0 Crossbows
 + Level 2.0 Throwing
 + Level 3.2 Armour
 + Level 5.0 Dodging
 + Level 2.0 Stealth
 + Level 2.0 Shields
 + Level 2.0 Unarmed Combat
 + Level 5.3 Spellcasting
 + Level 1.5 Conjurations
 + Level 1.5 Hexes
 + Level 5.6 Charms
 + Level 1.5 Summonings
 + Level 1.5 Necromancy
 + Level 1.5 Translocations
 + Level 1.5 Transmutations
 + Level 1.5 Fire Magic
 + Level 1.5 Ice Magic
 + Level 1.5 Air Magic
 + Level 1.5 Earth Magic
 + Level 1.5 Poison Magic
 + Level 2.1 Invocations
 + Level 2.0 Evocations


You had 4 spell levels left.
You knew the following spells:

 Your Spells              Type           Power        Failure   Level  Hunger
h - Regeneration          Chrm/Necr      ##........   13%         3    ###....
n - Spectral Weapon       Hex/Chrm       ##......     13%         3    ###....
p - Shroud of Golubria    Chrm/Tloc      ##....       6%          2    #......
u - Song of Slaying       Chrm           ###.....     2%          2    #......
y - Infusion              Chrm           ###.         1%          1    None

Your spell library contained the following spells:

 Spells                   Type           Power        Failure   Level  Hunger


Dungeon Overview and Level Annotations

Branches:
Dungeon (4/15)
 Temple: D:4-7

Altars:
Cheibriados
Wu Jian
Xom

Annotations:
D:4 Menkaure


Innate Abilities, Weirdness & Mutations

Your experience applies equally to all skills.
You have very sharp teeth.
Your uncanny sense of smell can sniff out nearby items.


Message History

Menkaure casts a spell at you. Pain shoots through your body!
Menkaure hits your spectral weapon.
Your spectral weapon shares its damage with you!
Menkaure hits your spectral weapon!!
Your spectral weapon shares its damage with you!
Your spectral weapon fades away.
Your shroud unravels.
Your skin is crawling a little less now.
Menkaure calls on the powers of darkness!
Your body is wracked with pain!
* * * LOW HITPOINT WARNING * * *
Your skin stops crawling.
Casting: Spectral Weapon (safe; 13% risk of failure)
Confirm with . or Enter, or press ? or * to list all spells.
Your skin crawls.
You hit Menkaure. You bite Menkaure, but do no damage.
Menkaure is moderately damaged.
Menkaure hits you!!
You die...

......######.........#
...............#####.#
.##....##....## ..#
##......###.# #..#
..##...#####.#.# ....
..#..#..###.##.# #....
....#......###.# ...##
........###.###M# ..##
..###...##..##@.# .
##......#...#
#...##.#..##
#..>#.#####..#
.....##.# #.## ....
#.## ..# .....
##.###.## .
...###...#..#
........#...#


You could see Menkaure.

Vanquished Creatures
  An ogre (D:3)
  A jelly (D:2)
  A hound (D:3)
  9 adders
  2 worms
  3 dart slugs
  2 leopard geckos
  10 orcs
  6 giant cockroaches
  7 hobgoblins
  6 jackals
  10 bats
  5 frilled lizards
  6 goblins
  10 kobolds
  A quokka skeleton (D:4)
  7 rats
87 creatures vanquished.

Vanquished Creatures (others)
  A spectral weapon (D:4)
1 creature vanquished.

Grand Total: 88 creatures vanquished

Notes
Turn   | Place    | Note
-------+----------+-------------------------------------------
     0 | D:1      | FishyPogo the Gnoll Skald began the quest for the Orb.
     0 | D:1      | Reached XP level 1. HP: 20/20 MP: 6/6
   126 | D:1      | Reached XP level 2. HP: 14/26 MP: 7/7
   130 | D:1      | Learned a level 2 spell: Song of Slaying
   133 | D:1      | Learned a level 2 spell: Shroud of Golubria
   396 | D:1      | Reached XP level 3. HP: 31/31 MP: 7/9
   401 | D:1      | Learned a level 3 spell: Regeneration
   405 | D:1      | Learned a level 3 spell: Spectral Weapon
   524 | D:2      | Reached skill level 5 in Spellcasting
   600 | D:2      | Reached skill level 1 in Invocations
   701 | D:2      | Reached skill level 1 in Long Blades
   701 | D:2      | Reached skill level 1 in Axes
   701 | D:2      | Reached skill level 1 in Maces & Flails
   701 | D:2      | Reached skill level 1 in Polearms
   701 | D:2      | Reached skill level 1 in Staves
   701 | D:2      | Reached skill level 1 in Slings
   701 | D:2      | Reached skill level 1 in Bows
   701 | D:2      | Reached skill level 1 in Crossbows
   701 | D:2      | Reached skill level 1 in Throwing
   701 | D:2      | Reached skill level 1 in Stealth
   701 | D:2      | Reached skill level 1 in Shields
   701 | D:2      | Reached skill level 1 in Unarmed Combat
   701 | D:2      | Reached skill level 1 in Evocations
   701 | D:2      | Reached XP level 4. HP: 33/38 MP: 11/11
   777 | D:2      | Found an ornate altar of the Wu Jian Council.
   943 | D:2      | Found a snail-covered altar of Cheibriados.
  1015 | D:2      | Reached skill level 1 in Conjurations
  1015 | D:2      | Reached skill level 1 in Hexes
  1015 | D:2      | Reached skill level 1 in Summonings
  1015 | D:2      | Reached skill level 1 in Necromancy
  1015 | D:2      | Reached skill level 1 in Translocations
  1015 | D:2      | Reached skill level 1 in Transmutations
  1015 | D:2      | Reached skill level 1 in Fire Magic
  1015 | D:2      | Reached skill level 1 in Ice Magic
  1015 | D:2      | Reached skill level 1 in Air Magic
  1015 | D:2      | Reached skill level 1 in Earth Magic
  1015 | D:2      | Reached skill level 1 in Poison Magic
  1039 | D:2      | Reached XP level 5. HP: 41/43 MP: 9/12
  1697 | D:3      | Found a shimmering altar of Xom.
  1707 | D:3      | Reached XP level 6. HP: 48/50 MP: 10/13
  1848 | D:3      | Reached skill level 5 in Fighting
  1848 | D:3      | Reached skill level 5 in Short Blades
  1848 | D:3      | Reached skill level 5 in Dodging
  2097 | D:4      | Noticed Menkaure
  2118 | D:4      | Slain by Menkaure

Levels and vault maps discovered:
D:1:      dpeg_arrival_tiny_i, layout_rooms, hex_tiny, minmay_misc_feat_x,
          chequers_serial_rivers_micro_c
D:2:      layout_loops_ring, kennysheep_slug_shrine, marbit_many_paths,
          minmay_split_cup_large
D:3:      layout_basic, nicolae_overflow_hidden_temple, guppyfry_early_orc_mine
D:4:      layout_layer_cave, lemuel_crystal_altar, first_ration, uniq_menkaure

Skill      XL: |  1  2  3  4  5  6 |
---------------+-------------------+-----
Spellcasting   | 5 |  5.3
Invocations    | 1 2 |  2.1
Long Blades    | 1 2 |  2.0
Axes           | 1 2 |  2.0
Maces & Flails | 1 2 |  2.0
Polearms       | 1 2 |  2.0
Staves         | 1 2 |  2.0
Slings         | 1 2 |  2.0
Bows           | 1 2 |  2.0
Crossbows      | 1 2 |  2.0
Throwing       | 1 2 |  2.0
Stealth        | 1 2 |  2.0
Shields        | 1 2 |  2.0
Unarmed Combat | 1 2 |  2.0
Evocations     | 1 2 |  2.0
Conjurations   | 1 |  1.5
Hexes          | 1 |  1.5
Summonings     | 1 |  1.5
Necromancy     | 1 |  1.5
Translocations | 1 |  1.5
Transmutations | 1 |  1.5
Fire Magic     | 1 |  1.5
Ice Magic      | 1 |  1.5
Air Magic      | 1 |  1.5
Earth Magic    | 1 |  1.5
Poison Magic   | 1 |  1.5
Armour         | 3 |  3.2
Fighting       | 5 |  5.0
Short Blades   | 5 |  5.0
Dodging        | 5 |  5.0
Charms         | |  5.6

Action                   |  1- 3 |  4- 6 || total
-------------------------+-------+-------++-------
Melee: Short sword       |   124 |    81 ||   205
       Bite              |     8 |    24 ||    32
       Dagger            |       |   103 ||   103
Throw: Dart              |     4 |     5 ||     9
 Cast: Infusion          |     3 |       ||     3
       Shroud of Golubri |     4 |    11 ||    15
       Song of Slaying   |     1 |     1 ||     2
       Spectral Weapon   |     2 |     4 ||     6
       Regeneration      |     1 |     3 ||     4
  Use: Potion            |       |     1 ||     1
 Stab: Sleeping          |       |     6 ||     6
  Eat: Chunk             |       |     5 ||     5
Armor: Leather armour    |    38 |    39 ||    77
Dodge: Dodged            |    74 |   100 ||   174
